AoeStats
← CTM | El Inadecuado

QS Arena

503725157Analyzed
1v1 RM · 1mo ago on Sep 2, 2026· 31m 10s· 2 players
Game mode
Random Map
Map size
Tiny (2 player)
Population
200
Speed
Normal
Resources
Standard
Victory
Conquest
Starting age
Dark Age
Ending age
Imperial Age
RankedLock teamsTeams togetherTeam positionsShared explorationLock speedFull tech treeHidden civsTurbo modeCheats
Victory
Defeat
🇦🇷 Bengalis · Argentina
1466
+17
🇲🇽 Mongols · Mexico
1491
-17
CTM | El Inadecuado
3:55 Loom
6:18 Feudal Age
6:46 Loom
10:13 Castle Age
14:49 Sanctity
15:11 Sanctity
15:58 Redemption
20:15 Gold Mining
20:16 Stone Mining
30:56 Imperial Age
30:07 Wheelbarrow
30:43 Fletching
32:00 Block Printing
carlos
7:22 Feudal Age
11:19 Castle Age
10:31 Town Watch
11:53 Loom
14:03 Fletching
17:30 Bodkin Arrow
29:15 Horse Collar
29:21 Double-Bit Axe
Connection lost

Rejoining the realm…

Still unreachable

The connection could not be restored.

Session expired

The server has moved on; the page needs a fresh start.